 Dungeon Crawl Stone Soup version 0.19-a0-30-gac859ea (webtiles) character file.

25 Minkie the Sneak (level 2, 0/19 HPs)
             Began as a Vampire Enchanter on May 2, 2016.
             Was an Initiate of Sif Muna.
             Slain by a hound (2 damage)
             ... on level 2 of the Dungeon.
             The game lasted 00:04:27 (1377 turns).

Minkie the Sneak (Vampire Enchanter)                Turns: 1377, Time: 00:04:28

Health: 0/19       AC:  3    Str:  7    XL:     2   Next: 82%
Magic:  2/5        EV: 12    Int: 17    God:    Sif Muna [......]
Gold:   48         SH:  0    Dex: 14    Spells: 2 memorised, 2 levels left

rFire  . . .     SeeInvis +     a - +1 dagger
rCold  + . .     Gourm    .     b - +1 robe
rNeg   + + .     Faith    .     (no shield)
rPois  +         Spirit   .     (no helmet)
rElec  .         Dismiss  .     (no cloak)
rCorr  .         Reflect  .     (no gloves)
SustAt .         Harm     .     (no boots)
MR     .....                    e - amulet of regeneration
Stlth  ++++......               (no ring)
                                k - ring of stealth

@: regenerating slowly, not resistant to hostile enchantments, stealthy
A: fangs 3, see invisible, unbreathing
a: Renounce Religion


You were on level 2 of the Dungeon.
You worshipped Sif Muna.
Sif Muna was noncommittal.
You were very thirsty.

You visited 1 branch of the dungeon, and saw 2 of its levels.

You collected 48 gold pieces.

Inventory:

Hand Weapons
 a - a +1 dagger (weapon)
Missiles
 h - 85 stones (quivered)
Armour
 b - a +1 robe (worn)
Jewellery
 e - an amulet of regeneration (around neck)
 k - a ring of stealth (left hand)
Scrolls
 g - a scroll of random uselessness {unknown}
 j - a scroll of immolation {unknown}
 l - a scroll of blinking {unknown}
 m - a scroll of enchant armour {unknown}
 n - a scroll of remove curse {unknown}
Potions
 d - 3 potions of blood
 f - a potion of cancellation {unknown}
 i - a potion of curing {unknown}
 o - a potion of flight {unknown}
Books
 c - a book of Maledictions

   Spells                             Type                      Level
   a - Corona                         Hexes                        1
   b - Ensorcelled Hibernation        Hexes/Ice                    2
   c - Confuse                        Hexes                        3
   d - Tukima's Dance                 Hexes                        3
   e - Dazzling Spray                 Conjuration/Hexes            3


   Skills:
 + Level 2.0 Short Blades
 - Level 2.1 Dodging
 + Level 5.1 Stealth
 + Level 2.1 Spellcasting
 + Level 4.8 Hexes


You had 2 spell levels left.
You knew the following spells:

 Your Spells              Type           Power        Failure   Level  Hunger
a - Corona                Hex            ###....      2%          1    #......
b - Ensorcelled Hibernat  Hex/Ice        #.....       14%         2    ###....


Dungeon Overview and Level Annotations

Branches:
Dungeon (2/15)

Altars:
Sif Muna


Innate Abilities, Weirdness & Mutations

You heal slowly.
You have razor-sharp teeth.
You have supernaturally acute eyesight.
You can survive without breathing.


Message History

Confirm with . or Enter, or press ? or * to list all spells.
Aiming: Ensorcelled Hibernation
Press: ? - help, Shift-Dir - straight line, f/p - hound
Aim: a hound (chance to defeat MR: 50%)
The hound resists with some effort.
You are feeling very thirsty.
The hound misses you. The hound bites you. The hound bites you.
Things that are here:
a dagger; a goblin corpse You closely miss the hound.
Your bite misses the hound. The hound bites you.
You closely miss the hound. The hound bites you.
You barely miss the hound. The hound barely misses you. The hound bites you.
* * * LOW HITPOINT WARNING * * *
The hound bites you but does no damage.
There is a stone staircase leading up here.
The hound bites you.
* * * LOW HITPOINT WARNING * * *
The hound bites you.
You die...

.......# ############# .....#
#.....# #...# ###.....# #.#
###....######### #)#
#............... #.#
###..#.#..###..###
######<###....#.#..#......#
..........##.##.###..###..###
.######...h@)........รท...... ...
##..####.###..###..### #.##
#.###...#.#..#.#..#.#
#..###.##....#.#..#.#..#.# .
####........#...............
.#####........#####.###..###..#.#
.......##..#.....##.#......#..#.#
#.....###.###.##....###..###..###
..###.....# #.###..............[.


You could see a hound.

Vanquished Creatures
  A worm (D:2)
  2 giant cockroaches (D:1)
  A hobgoblin (D:1)
  A quokka (D:2)
  2 bats (D:1)
  7 goblins
  4 kobolds
  5 rats
23 creatures vanquished.

Notes
Turn   | Place    | Note
--------------------------------------------------------------
     0 | D:1      | Minkie the Vampire Enchanter began the quest for the Orb.
     0 | D:1      | Reached XP level 1. HP: 13/13 MP: 3/3
   395 | D:1      | Reached XP level 2. HP: 15/19 MP: 5/5
   404 | D:1      | Learned a level 2 spell: Ensorcelled Hibernation
  1136 | D:2      | Reached skill level 5 in Stealth
  1171 | D:2      | Found a deep blue altar of Sif Muna.
  1310 | D:2      | Became a worshipper of Sif Muna the Loreminder
  1377 | D:2      | Slain by a hound

Vault maps used:
D:1:      minmay_arrival_glassed_features
D:2:      lemuel_coloured_pillars_altar, makhleb_heckhound_becter,
          grunt_temple_overflow_open, minmay_misc_feat_nine_boxes

Skill      XL: |  1  2 |
---------------+-------+-----
Short Blades   | 2 |  2.0
Stealth        | 5 |  5.1
Dodging        | |  2.1
Spellcasting   | |  2.1
Hexes          | |  4.8

Action                   || total
-------------------------++-------
Melee: Dagger            ||    64
       Bite              ||     2
 Cast: Ensorcelled Hiber ||     3
 Stab: Sleeping          ||    11
Armor: Robe              ||    13
Dodge: Dodged            ||    36
